cohdb
Replays
Latest Replays
All Replays
Popular Replays
Top Player Replays
Match Explorer
How It Works
Community
CoH3 Stats
Reddit
Sign in to upload your games and track your stats! →
Sign in with Steam
Match 46714475
Unlisted
Match 46714475
Overview
Messages
Build Orders
End
Vickers Machine Gun Team
Construct Section Command Post
Infantry Section
Infantry Section
Infantry Section
Selects Indian Artillery Battlegroup
Selects Towed ML 4.2-inch Heavy Mortar
Towed ML 4.2-inch Heavy Mortar
Construct Platoon Command Post
Selects Valour
Selects Gurkha Rifles Section
6-pounder Anti-tank Gun Team
Grenade Package
6-pounder Anti-tank Gun Team
Construct Field Infirmary
Construct Company Command Post
RgB
Kray-Tos
Macca
Korean of Heroes
0
0
Comments
sign in to comment!
No comments posted yet!